 Dungeon Crawl Stone Soup version 0.24.0-13-gcf9b319 (webtiles) character file.

Game seed: 8540006510607349322, levelgen mode: deterministic

39 Bronimir the Ogre Mage (level 3, -7/31 HPs)
             Began as an Ogre Fire Elementalist on Mar 28, 2020.
             Mangled by Crazy Yiuf
             ... wielding a +2 quarterstaff of chaos
              (13 damage)
             ... on level 2 of the Dungeon.
             The game lasted 00:04:23 (1714 turns).

Bronimir the Ogre Mage (Ogre Fire Elementalist)     Turns: 1714, Time: 00:04:24

Health: -7/31      AC:  3    Str: 13    XL:     3   Next: 45%
Magic:  3/7        EV: 10    Int: 16    God:
Gold:   67         SH:  0    Dex:  9    Spells: 2/8 levels left

rFire    . . .     SeeInvis .   a - +0 war axe
rCold    . . .     Gourm    .   (no shield)
rNeg     . . .     Faith    .   g - +0 robe
rPois    .         Spirit   .   (helmet restricted)
rElec    .         Reflect  .   (no cloak)
rCorr    .         Harm     .   (gloves unavailable)
MR       .....                  (boots unavailable)
Stlth    ++........             (no amulet)
HPRegen  0.10/turn              (no ring)
MPRegen  0.10/turn              (no ring)

@: very slightly contaminated
A: large, unfitting armour, tough skin 1
a: no special abilities


You were on level 2 of the Dungeon.
You were hungry.

You visited 1 branch of the dungeon, and saw 2 of its levels.

You collected 67 gold pieces.

Inventory:

Hand Weapons
 a - a +0 war axe (weapon)
 f - a +0 dagger
 i - a +0 club
Missiles
 d - 74 stones (quivered)
Armour
 g - a +0 robe (worn)
 j - a +0 shield
Scrolls
 h - a scroll of teleportation
 k - 3 scrolls of magic mapping {unknown}
 l - a scroll of identify
Potions
 e - a potion of agility
Comestibles
 c - 3 rations


   Skills:
 + Level 0.1 Fighting
 + Level 0.2 Axes
 + Level 2.3 Dodging
 - Level 1.5 Stealth
 * Level 3.1 Spellcasting
 * Level 0.9 Conjurations
 * Level 3.0 Fire Magic


You had 2 spell levels left.
You knew the following spells:

 Your Spells              Type           Power        Failure   Level  Hunger
a - Flame Tongue          Conj/Fire      #....        9%          1    None
b - Throw Flame           Conj/Fire      #.....       12%         2    ##.....
c - Conjure Flame         Conj/Fire      #.......     24%         3    ###....

Your spell library contained the following spells:

 Spells                   Type           Power        Failure   Level  Hunger
 Inner Flame              Hex/Fire       #.......     30%         3    ###....
 Sticky Flame             Conj/Fire      #.......     63%         4    ####...
 Fireball                 Conj/Fire      #.........   92%         5    ######.


Dungeon Overview and Level Annotations

Branches:
Dungeon (2/15)

Altars:

Annotations:
D:2 Crazy Yiuf


Innate Abilities, Weirdness & Mutations

You are too large for most types of armour.
You have tough skin. (AC +1)


Message History

Confirm with . or Enter, or press ? or * to list all spells.
Aiming: Flame Tongue (safe; 9% risk of failure)
Press: ? - help, Shift-Dir - straight line, f/p - Crazy Yiuf
Aim: Crazy Yiuf, wielding a +2 quarterstaff of chaos and wearing a +0 cloak (moderately wounded)
The flame tongue hits Crazy Yiuf!
Crazy Yiuf is almost dead.
Crazy Yiuf hits you with a +2 quarterstaff of chaos!
* * * LOW HITPOINT WARNING * * *
Space bends around you.
* * * LOW HITPOINT WARNING * * *
Casting: Flame Tongue (safe; 9% risk of failure)
Confirm with . or Enter, or press ? or * to list all spells.
Aiming: Flame Tongue (safe; 9% risk of failure)
Press: ? - help, Shift-Dir - straight line, f/p - Crazy Yiuf
Aim: Crazy Yiuf, wielding a +2 quarterstaff of chaos and wearing a +0 cloak (almost dead)
You miscast Flame Tongue.
You are very lightly contaminated with residual magic.
You have a brief vision of globes of primordial fire.
Crazy Yiuf hits you with a +2 quarterstaff of chaos!
You die...

##### #..)# #...#
... ####### #g#
#...... ##@# #......
#.## #...... ##.#
#...... #.## #......
##.## #...... #####
#...## ##......
###...#### #....#
#....... .........#
##..## #####.......
.........#
#....####...........


You could see Crazy Yiuf.

Vanquished Creatures
  An adder (D:2)
  An ooze (D:1)
  2 leopard geckos
  3 bats (D:1)
  4 goblins
  2 hobgoblins
  5 jackals (D:1)
  A frilled lizard (D:1)
  2 kobolds
21 creatures vanquished.

Notes
Turn   | Place    | Note
-------+----------+-------------------------------------------
     0 | D:1      | Bronimir the Ogre Fire Elementalist began the quest for the
                  | Orb.
     0 | D:1      | Reached XP level 1. HP: 16/16 MP: 3/3
   196 | D:1      | Reached XP level 2. HP: 17/24 MP: 0/5
   833 | D:1      | Learned a level 2 spell: Throw Flame
  1105 | D:2      | Reached XP level 3. HP: 31/31 MP: 0/7
  1427 | D:2      | Learned a level 3 spell: Conjure Flame
  1661 | D:2      | Found a runed translucent door.
  1662 | D:2      | Noticed Crazy Yiuf
  1714 | D:2      | Mangled by Crazy Yiuf

Levels and vault maps discovered:
D:1:      scummos_arrival_simple_fountains, layout_basic
D:2:      layout_rooms, hangedman_decor_points, uniq_crazy_yiuf_cottage

Skill      XL: |  1  2 |
---------------+-------+-----
Dodging        | 2 |  2.3
Fire Magic     | 3 |  3.0
Spellcasting   | 3 |  3.1
Fighting       | |  0.1
Axes           | |  0.2
Stealth        | |  1.5
Conjurations   | |  0.9

Action                   || total
-------------------------++-------
Melee: Mace              ||    28
       Unarmed           ||     2
       War axe           ||     6
       Dagger            ||     1
 Cast: Flame Tongue      ||    32
  Use: Scroll            ||     6
 Stab: Sleeping          ||     1
  Eat: Chunk             ||     2
Armor: Robe              ||    18
Dodge: Dodged            ||    39
